 Dungeon Crawl Stone Soup version 0.20-a0-2-g2b0e13a (webtiles) character file.

72 yukitheduck the Cutter (level 4, 0/26 HPs)
             Began as a Tengu Assassin on Oct 28, 2016.
             Slain by an orc (2 damage)
             ... on level 3 of the Dungeon.
             The game lasted 00:08:50 (1392 turns).

yukitheduck the Cutter (Tengu Assassin)             Turns: 1392, Time: 00:08:52

Health: 0/26       AC:  5    Str: 12    XL:     4   Next: 25%
Magic:  5/5        EV: 12    Int: 16    God:
Gold:   141        SH:  0    Dex: 16    Spells: 0 memorised, 3 levels left

rFire  . . .     SeeInvis .     a - +2 dagger
rCold  . . .     Gourm    .     c - +0 robe
rNeg   . . .     Faith    .     (no shield)
rPois  .         Spirit   .     y - +2 hat
rElec  .         Reflect  .     d - +0 cloak
rCorr  .         Harm     .     (no gloves)
MR     .....                    (boots unavailable)
Stlth  +++.......               r - amulet of regeneration
                                (no ring)
                                (no ring)

@: brilliant, lethally poisoned (0 -> -1)
A: beak, talons 3
a: no special abilities


You were on level 3 of the Dungeon.
You were hungry.

You visited 1 branch of the dungeon, and saw 3 of its levels.

You collected 141 gold pieces.

Inventory:

Hand Weapons
 a - a +2 dagger (weapon)
 b - a +0 blowgun
Missiles
 e - 8 poisoned needles
 f - 2 curare-tipped needles
Armour
 c - a +0 robe (worn)
 d - a +0 cloak (worn)
 y - a +2 hat (worn)
Jewellery
 r - an amulet of regeneration (around neck)
Wands
 h - a wand of disintegration (10/24)
Scrolls
 k - 2 scrolls of remove curse
 l - a scroll of fog {unknown}
 p - a scroll of teleportation
Potions
 q - a potion of lignification
 s - 4 potions of curing
 u - a potion of flight {unknown}
 v - a potion of might {unknown}
 z - a potion of agility {unknown}
Comestibles
 g - 2 bread rations
 i - 2 chunks of flesh
 m - a slice of pizza
 x - 2 meat rations


   Skills:
 - Level 2.0 Fighting
 + Level 4.8 Short Blades
 - Level 2.0 Throwing
 - Level 1.1 Dodging
 - Level 4.0 Stealth


You had 3 spell levels left.
You didn't know any spells.

Dungeon Overview and Level Annotations

Branches:
Dungeon (3/15)

Altars:


Innate Abilities, Weirdness & Mutations

You have a beak for a mouth.
You have claws for feet.


Message History

The orc hits you with a hand axe. The orc hits you.
The adder bites you but does no damage.
You hit the orc but do no damage. You claw the orc, but do no damage.
The orc is severely wounded.
The orc closely misses you. The orc barely misses you. The adder misses you.
The orc hits you.
* * * LOW HITPOINT WARNING * * *
You are too injured to fight recklessly!
You are too injured to fight recklessly!
You are too injured to fight recklessly!
You are too injured to fight recklessly!
You are too injured to fight recklessly!
It was a potion of brilliance.
You feel clever all of a sudden. The adder bites you.
* * * LOW HITPOINT WARNING * * *
You are poisoned.
The adder poisons you! The orc barely misses you. The orc misses you.
The orc hits you.
You die...

..........................#
.......................(..#
######'######.............#
............#.)...........#
............#..........####**
#########...#>...(....(# *,*
........#...#..........# *,*
........#...#..........# *,*
........#...#..[@o.....# *,*
........#...#..oSo.....# *,*
........'...#..........# *,*
........'..[#...########***,*
........#...#...*,,,,,,,,,,,*
........#...#...*,*********,*****
<########...#...,,,,,,,,,,,,,,,,,
...[........#...*,*****,*********
.....)......#,,,*,*****,*


You could see an adder and 3 orcs.

Vanquished Creatures
  An adder (D:2)
  A worm (D:2)
  3 dart slugs
  2 leopard geckos
  2 orcs (D:3)
  4 giant cockroaches (D:2)
  4 goblins
  8 hobgoblins
  10 kobolds
  4 bats
  3 frilled lizards (D:2)
  3 rats (D:1)
45 creatures vanquished.

Notes
Turn   | Place    | Note
-------+----------+-------------------------------------------
     0 | D:1      | yukitheduck the Tengu Assassin began the quest for the Orb.
     0 | D:1      | Reached XP level 1. HP: 12/12 MP: 2/2
    81 | D:1      | Reached XP level 2. HP: 17/17 MP: 3/3
   261 | D:1      | Reached XP level 3. HP: 14/21 MP: 4/4
   984 | D:2      | Reached XP level 4. HP: 26/26 MP: 5/5
  1392 | D:3      | Slain by an orc

Vault maps used:
D:1:      scummos_arrival_hexagon
D:2:      minmay_pentomino_v4
D:3:      overflow_temple_1_default, lemuel_crystal_altar, first_bread

Skill      XL: |  1  2  3 |
---------------+----------+-----
Short Blades   | 3 4 |  4.8
Fighting       | |  2.0
Throwing       | |  2.0
Dodging        | |  1.1
Stealth        | |  4.0

Action                   |  1- 3 |  4- 6 || total
-------------------------+-------+-------++-------
Melee: Dagger            |    92 |    37 ||   129
       Kick              |    22 |     9 ||    31
       Peck              |    12 |     8 ||    20
  Use: Scroll            |       |     8 ||     8
       Potion            |       |     2 ||     2
 Stab: Sleeping          |     8 |     1 ||     9
  Eat: Chunk             |       |     1 ||     1
Armor: Robe              |    18 |    10 ||    28
       Skin              |       |     5 ||     5
Dodge: Dodged            |    50 |    33 ||    83
